 Dungeon Sprint DCSS version 0.28-a0-479-g5baa6b73be (webtiles) character file.

Game seed: 10779828602444771210

85 MikeHunt the Insei (level 4, -2/35 HPs)
             Began as a Demonspawn Chaos Knight on Sept 17, 2021.
             Was a Plaything of Xom.
             Slain by a shadow (26 damage)
             ... in the Dungeon (Sprint III: "The Ten Rune Challenge").
             The game lasted 00:01:31 (566 turns).

MikeHunt the Insei (Demonspawn Chaos Knight)         Turns: 566, Time: 00:01:31

Health: -2/35      AC:  9    Str: 13    XL:     4   Next: 25%
Magic:  4/4        EV:  6    Int: 13    God:    Xom [...*..]
Gold:   33         SH:  0    Dex:  9    Spells: 3/3 levels left

rFire   . . .      SeeInvis .     - Unarmed
rCold   . . .      Faith    .   (no shield)
rNeg    . . .      Spirit   .   h - +0 chain mail
rPois   +          Reflect  .   (helmet restricted)
rElec   .          Harm     .   (no cloak)
rCorr   .          Rampage  .   (no gloves)
Will    .....      Clarity  +   (no boots) Stlth ..........NoTele +
                                (no amulet)
HPRegen 0.11/turn               (no ring)
MPRegen 0.18/turn               (no ring)

@: no status effects
A: horns 1, magic regeneration, clarity, clumsy 2, poison resistance
a: Renounce Religion


You were in the Dungeon.
You worshipped Xom.
You were a favourite toy of Xom.
You visited 1 branch You collected 33 gold pieces.

Inventory:

Armour
 a - a +2 leather armour
 h - a +0 chain mail (worn)
Scrolls
 g - a scroll of blinking
 j - 2 scrolls of holy word {unknown}
 k - 3 scrolls of identify
Potions
 b - a potion of curing
 c - a potion of heal wounds
 d - a potion of haste
 e - 2 potions of magic
 f - a potion of berserk rage
 i - a potion of mutation
 l - 3 potions of flight
 m - a potion of cancellation {unknown}


   Skills:
 - Level 3.0 Fighting
 + Level 5.4 Armour
 - Level 0.8 Dodging
 + Level 6.3 Unarmed Combat


You had 3 spell levels left.
You didn't know any spells.
Your spell library was empty.

Dungeon Overview and Level Annotations

Branches:
Dungeon (1/1)

Altars:


Innate Abilities, Weirdness & Mutations

You have a pair of small horns on your head.
You regenerate magic rapidly.
You possess an exceptional clarity of mind.
You are very clumsy. (Dex -4)
Your system is resistant to poisons. (rPois)


Message History

There is an open door to the Ecumenical Temple here.
You start resting.
There is a fountain of clear blue water here.
It was a potion of mutation.
You feel extremely strange.
You feel robust.
Your urge to shout disappears.
You feel healthier.
You feel resistant to poisons.
Your thoughts seem clearer.
You start resting.
HP restored.
You open the door.
A jelly comes into view.
The jelly quivers.
The jelly moves out of view.
A shadow comes into view.
The shadow slips into darkness.
The shadow flickers and vanishes!
Deactivating autopickup; reactivate with Ctrl-A.
There is an open door here.
The shadow strikes at you from the darkness!
Reactivating autopickup.
You barely miss the shadow. The shadow hits you.
You hit the shadow but do no damage. You hit the shadow.
The shadow is moderately damaged.
The shadow hits you.
You hit the shadow but do no damage.
The shadow is moderately damaged.
The shadow completely misses you.
You hit the shadow but do no damage. You headbutt the shadow.
The shadow is moderately damaged.
The shadow hits you.
You barely miss the shadow.
The shadow is moderately damaged.
The shadow slips into darkness.
The shadow flickers and vanishes!
Deactivating autopickup; reactivate with Ctrl-A.
You barely miss something.
The shadow strikes at you from the darkness!
Ouch! That really hurt!
You die... "What!?
That's it?"

▓▓▓ # ##.# #####..#
.#..#..#
.#..#..###+#+###+##
.##'#..#..........#
.###...'.⌠......@.#
####...#...######{#
###....#.⌠.# #{..#
##.....#...# #...#
#......#+### #...#
.#.....# #...+
###....# +...#
▓▓▓▓▓▓ ▓▓▓▓▓


There were no monsters in sight!

Vanquished Creatures
  A water elemental (D)
  A human (D)
  A phantom (D)
  An endoplasm (D)
  3 rats (D)
7 creatures vanquished.

Vanquished Creatures (others)
  2 plants (D)
2 creatures vanquished.

Grand Total: 9 creatures vanquished

Notes
Turn   | Place    | Note
-------+----------+-------------------------------------------
     0 | D        | MikeHunt the Demonspawn Chaos Knight began the quest for
                  | the Orb.
     0 | D        | Reached XP level 1. HP: 18/18 MP: 1/1
    13 | D        | Reached skill level 3 in Unarmed Combat
   104 | D        | XOM: silly message
   113 | D        | XOM: potion effect (berserk rage)
   122 | D        | Reached skill level 4 in Unarmed Combat
   122 | D        | Gained mutation: You regenerate magic rapidly. [demonic
                  | ancestry]
   122 | D        | Reached XP level 2. HP: 20/24 MP: 2/2
   239 | D        | Noticed a water elemental
   249 | D        | HP: 1/36 [drowned by a water elemental (5)]
   254 | D        | Killed a water elemental
   255 | D        | Reached skill level 5 in Armour
   255 | D        | Reached skill level 6 in Unarmed Combat
   255 | D        | Gained mutation: You have a pair of small horns on your
                  | head. [demonic ancestry]
   255 | D        | Reached XP level 3. HP: 1/29 MP: 3/3
   255 | D        | Reached XP level 4. HP: 2/35 MP: 4/4
   322 | D        | XOM: give mutations
   322 | D        | Gained mutation: You occasionally shout uncontrollably at
                  | your foes. [Xom's mischief]
   322 | D        | Gained mutation: You are frail. (-10% HP) [Xom's mischief]
   322 | D        | Gained mutation: Your body sometimes deteriorates upon
                  | taking damage. [Xom's mischief]
   322 | D        | Gained mutation: You are clumsy. (Dex -2) [Xom's mischief]
   475 | D        | XOM: give mutation
   475 | D        | Gained mutation: You are very clumsy. (Dex -4) [Xom's
                  | mischief]
   509 | D        | Lost mutation: You are frail. (-10% HP) [potion of
                  | mutation]
   509 | D        | Lost mutation: You occasionally shout uncontrollably at
                  | your foes. [potion of mutation]
   509 | D        | Lost mutation: Your body sometimes deteriorates upon taking
                  | damage. [potion of mutation]
   509 | D        | Gained mutation: Your system is resistant to poisons.
                  | (rPois) [potion of mutation]
   509 | D        | Gained mutation: You possess an exceptional clarity of
                  | mind. [potion of mutation]
   557 | D        | Noticed a shadow
   566 | D        | Slain by a shadow

Illustrated notes

Levels and vault maps discovered:
D:        dungeon_sprint_mu [sprint_mu_entry_cave, sprint_mu_temple_rooms,
          sprint_mu_d1_horrors, sprint_mu_d2_genie, sprint_mu_d3_branching,
          sprint_mu_orc_legion, sprint_mu_elf_gauntlet, sprint_mu_hive_nellie,
          sprint_mu_lair_fedhas, sprint_mu_vaults_butterflies,
          sprint_mu_slime_circle, sprint_mu_swamp_cave, sprint_mu_shoals_archi,
          sprint_mu_blade_basic, sprint_mu_crypt_fortress,
          sprint_mu_tomb_spiral, sprint_mu_vestibule_basic,
          sprint_mu_gehenna_hellfire, sprint_mu_dis_giant,
          sprint_mu_tartarus_statrot, sprint_mu_cocytus_islands, sprint_mu_zot1]

Skill      XL: |  1  2 |
---------------+-------+-----
Unarmed Combat | 4 6 |  6.3
Armour         | 3 5 |  5.4
Fighting       | |  3.0
Dodging        | |  0.8

Action                   |  1- 3 |  4- 6 || total
-------------------------+-------+-------++-------
Melee: Unarmed           |    32 |     7 ||    39
       Headbutt          |       |     1 ||     1
  Use: Potion            |     1 |     1 ||     2
 Stab: Sleeping          |     1 |       ||     1
Armor: Chain mail        |     8 |     2 ||    10
       Leather armour    |     2 |       ||     2
Dodge: Dodged            |     2 |     1 ||     3

Table legend: (Time is in decaauts)
 A = Elapsed time spent in this place.
 B = Non-inter-level travel time spent in this place.
 C = Inter-level travel time spent in this place.
 D = Time resting spent in this place.
 E = Time spent auto-exploring this place.
 F = Levels seen in this place.
 G = Mean time per level.
                   A        B        C        D        E       F      G
               +--------+--------+--------+--------+--------+-----+--------+
         Total |    579 |    579 |      0 |    441 |      0 |   1 |  579.0 |
       Dungeon |    579 |    579 |      0 |    441 |      0 |   1 |  579.0 |
               +--------+--------+--------+--------+--------+-----+--------+

Top non-repeatable levels by time:
       D: 579 daAuts
